[Event "Rapid Shavuot-A 2023"]
[Site "Ramat Gan"]
[Date "2023.05.25"]
[Round "6.8"]
[White "Andreev, Dmitri"]
[Black "Kochavi, Ori"]
[Result "0-1"]
[ECO "A64"]
[WhiteElo "2166"]
[BlackElo "2423"]
[Annotator "TA"]
[PlyCount "72"]
[EventDate "2023.05.19"]
[EventType "swiss"]
[EventCountry "ISR"]
[SourceTitle "playchess.com"]
[Source "ChessBase"]
[SourceQuality "1"]
[TimeControl "900+5"]

1. d4 Nf6 2. c4 e6 3. g3 c5 4. d5 exd5 5. cxd5 d6 6. Nc3 g6 7. Bg2 Bg7 8. Nf3 O-O 9. O-O Re8 10. Nd2 a6 11. a4 Nbd7 12. Nc4 Ne5 13. Na3 Rb8 14. h3 Nh5 15. e4 {[%emt 0:01:26] A64: Modern Benoni: Fianchetto Variation: 9...Nbd7 10 Nd2 a6 11 a4 Re8.} b5 16. axb5 $16 axb5 17. Naxb5 {[%emt 0:00:15] White is better.} Qb6 {[%emt 0:00:41] [#]} 18. g4 $146 ({Predecessor:} 18. Kh2 Bd7 19. Na3 Qb4 20. Nc2 Qb7 21. Ne3 Bb5 22. Nxb5 Qxb5 23. Ra3 c4 24. Qa4 {½-½ Gritsenko,A (2409)-Bocharov,D (2611) Izmailov Memorial op 16th 2012 (7)}) 18... Nf6 {[%emt 0:00:03] [#]} 19. f4 $1 Ned7 {[%emt 0:05:01] [#]} 20. Nxd6 Qxd6 $11 (20... c4+ 21. Kh1 Qxd6 22. e5 $16) 21. e5 Qb6 22. exf6 (22. Kh1 {seems wilder.} Ba6 23. Re1 Bc4 24. Ra3) 22... Bxf6 23. Kh1 Bd4 24. f5 (24. g5 $11) 24... Ba6 $15 25. fxg6 hxg6 26. Re1 Nf6 {[%emt 0:00:09] Black is more active.} (26... Ne5 $17 {Threatens to win with ...Nd3.} 27. Bf4 Nd3 28. Rxe8+ Rxe8) 27. Bf4 $11 Rxe1+ 28. Qxe1 Re8 29. Qd2 Bb7 30. Rf1 Qb3 31. d6 Bxg2+ (31... Qc4 $5 32. Rc1 Bxg2+ 33. Kxg2 Nd5 $15) 32. Kxg2 (32. Qxg2 $11 Bxc3 33. bxc3) 32... Bxc3 (32... Nd5 $1 $15 33. Kh1 Qc4) 33. Qxc3 $14 Re2+ 34. Kf3 $2 (34. Kg1 $14 {stays ahead.} Qe6 35. Qf3 (35. Qxc5 $2 Qe4 $19)) 34... Qb5 $2 ({Much less strong is} 34... Qxb2 35. Qxb2 (35. Qxc5 $2 {loses.} Rg2 $19) 35... Rxb2 36. Ra1 Rb3+ 37. Ke2 $16) (34... Qe6 $19 {( -> ...Qe4+)} 35. Qd3 (35. Qxf6 $2 Qxf6 36. Kxe2 Qxb2+ 37. Kf3 Qb3+ 38. Kg2 Qd5+ 39. Rf3 c4 $19) 35... Rxb2) 35. Be5 $2 (35. d7 $11 Nxd7 36. Rf2 Rxf2+ 37. Kxf2) 35... Nd5 $2 (35... Ne4 $19 36. Ra1 f5) 36. Qa3 (36. Ra1 $11 Qb7 37. Kxe2 (37. Qxc5 $2 {too greedy.} Nc3+ 38. Kf4 g5+ {[%mdl 64] Decoy} 39. Kxg5 Ne4+ 40. Kh4 Nxc5 $19 {[%mdl 64] Discovered Attack}) 37... Nxc3+ 38. Bxc3) 36... Rxe5 {[%emt 0:00:29] Weighted Error Value: White=0.76/Black=0.61} 0-1

[Event "Rapid Shavuot-A 2023"]
[Site "Ramat Gan"]
[Date "2023.05.25"]
[Round "6.9"]
[White "Katz, Kiril"]
[Black "Iliaguev, Nisim"]
[Result "1-0"]
[ECO "B12"]
[WhiteElo "2016"]
[BlackElo "2402"]
[Annotator "TA"]
[PlyCount "81"]
[EventDate "2023.05.19"]
[EventType "swiss"]
[EventCountry "ISR"]
[SourceTitle "playchess.com"]
[Source "ChessBase"]
[SourceQuality "1"]
[TimeControl "900+5"]

1. e4 c6 2. d4 d5 3. e5 Bf5 4. h4 h5 5. Bg5 Qb6 6. Bd3 {[%emt 0:00:01] B12: Caro-Kann: Advance Variation.} Bxd3 7. Qxd3 e6 (7... Qxb2 $15 8. Qb3 Qxb3 9. axb3 e6) 8. Nd2 $11 {[%emt 0:00:03] Active counter play! The position is equal.} Ne7 9. Ne2 Nf5 10. c4 Nd7 11. O-O Be7 12. Bxe7 Nxe7 {[%emt 0:00:04] [#]} 13. Ng3 $146 ({Predecessor:} 13. b4 Nf5 14. g3 Qd8 15. cxd5 cxd5 16. Nf4 g6 17. Rfc1 Rc8 18. Nf1 Rc4 19. Rxc4 dxc4 20. Qxc4 {1-0 Aravindh,C (2607)-Murzin,V (2554) New Delhi op 20th 2023 (9)}) 13... g6 14. c5 Qd8 15. b4 O-O 16. Nf3 Nf5 17. Nxf5 exf5 18. Ng5 Re8 19. f4 b6 20. Rae1 Nf8 21. Re2 Qd7 22. Rfe1 bxc5 23. dxc5 ({Better is} 23. bxc5 $14 Rab8 24. Rb1) 23... a5 24. a3 axb4 25. axb4 Ne6 26. Nxe6 Rxe6 27. Rb1 Qe7 28. g3 Qa7 29. Kg2 Re7 30. Rc2 Rb8 31. b5 cxb5 32. Rxb5 Rxb5 33. Qxb5 {[%emt 0:00:01][%mdl 4096] Endgame KQR-KQR} Kg7 {[%emt 0:01:09] [#]} (33... Rc7 $11 {remains equal.}) 34. c6 $1 $16 Qd4 {[%emt 0:00:36] Hoping for ...Qe4+.} 35. Qb2 $36 {[%emt 0:00:11][%mdl 2048] White is really pushing.} Qe4+ 36. Kh2 Rc7 $2 {[%emt 0:00:01][%mdl 8192] Black cannot hold the game after this.} (36... Re8 $16 {is more resistant.}) 37. Re2 $18 Rxc6 38. Rxe4 {[%emt 0:00:13] White mates.} dxe4 39. e6+ Kf8 40. Qb8+ Kg7 41. e7 {[%emt 0:00:09] Weighted Error Value: White=0.09 (flawless) /Black=0.39} 1-0

[Event "Rapid Shavuot-A 2023"]
[Site "Ramat Gan"]
[Date "2023.05.25"]
[Round "6.10"]
[White "Duchan, Yoav"]
[Black "Zemach, Nadav"]
[Result "0-1"]
[ECO "C56"]
[WhiteElo "1906"]
[BlackElo "2383"]
[Annotator "TA"]
[PlyCount "70"]
[EventDate "2023.05.19"]
[EventType "swiss"]
[EventCountry "ISR"]
[SourceTitle "playchess.com"]
[Source "ChessBase"]
[SourceQuality "1"]
[TimeControl "900+5"]

1. e4 e5 2. Bc4 Nf6 3. d4 exd4 4. Nf3 Nc6 5. e5 Ne4 6. Nxd4 {[%emt 0:00:04] C56: Two Knights: 4 d4 exd4 5 0-0 Nxe4.} (6. O-O $11) 6... Nxe5 $17 7. Bd3 {[%emt 0:00:43] [#]} (7. Bd5 $17 {was worth a try.} Nf6 8. Nc3) 7... Nxd3+ (7... Nxf2 $1 $19 8. Kxf2 Qh4+ 9. Kf1 Qxd4) 8. Qxd3 {[%emt 0:00:01] [#] Black is better.} d5 9. O-O Be7 {[%emt 0:00:00] [#]} 10. Re1 $146 ({Predecessor:} 10. f3 Nf6 11. Bg5 O-O 12. Nc3 c6 13. Rfe1 Re8 14. Re2 Bd7 15. Rae1 h6 16. Bh4 {0-1 Gislason,J (1319)-Acevedo Mendez,L (1886) Reykjavik op 2016 (2)}) 10... O-O 11. Nd2 Nxd2 12. Bxd2 Bf6 13. Bc3 c5 14. Nf5 Bxf5 15. Qxf5 Bxc3 16. bxc3 Qd6 17. Rad1 Rfe8 18. g3 Rxe1+ 19. Rxe1 {[%emt 0:00:01][%mdl 4096] Endgame KQR-KQR} Rd8 20. Rd1 g6 21. Qf3 b6 22. h4 h5 23. Re1 Kg7 24. Re2 Qf6 25. Qd3 a5 26. Qb5 Rd6 (26... Qxc3 27. Qxb6 Rf8 28. Qb3 Qxb3 29. axb3 $17) 27. Re8 $2 (27. Re3) 27... Qxc3 $19 28. Rb8 (28. Qb3 $142 Qf6 29. Kg2) 28... Qe1+ ({Not} 28... Qxc2 29. Qe8 Kf6 30. Rb7 Qc1+ 31. Kg2 $18) 29. Kg2 Rf6 30. Qf1 Qe4+ 31. Kh3 Qxc2 32. Qa1 Qf5+ {[%emt 0:00:00] Black mates.} 33. Kh2 Qxf2+ 34. Kh3 d4 35. Rxb6 Rxb6 {[%emt 0:00:00] Weighted Error Value: White=0.80/Black=0.10 (very precise)} 0-1

[Event "Rapid Shavuot-A 2023"]
[Site "Ramat Gan"]
[Date "2023.05.25"]
[Round "6.11"]
[White "Noy, Eyal"]
[Black "Poleg, Dan"]
[Result "1-0"]
[ECO "E04"]
[WhiteElo "2141"]
[BlackElo "2193"]
[Annotator "NA RC"]
[PlyCount "86"]
[EventDate "2023.05.19"]
[EventType "swiss"]
[EventCountry "ISR"]
[SourceTitle "playchess.com"]
[Source "ChessBase"]
[SourceQuality "1"]
[TimeControl "900+5"]

1. d4 Nf6 2. c4 e6 3. Nf3 d5 4. g3 dxc4 5. Bg2 a6 6. Ne5 c5 7. Nxc4 cxd4 8. e3 Bc5 9. exd4 Bxd4 10. Bf4 e5 11. Nxe5 O-O 12. Nc4 Re8+ 13. Be3 Ng4 14. O-O Nxe3 15. fxe3 Bf6 16. Qxd8 Rxd8 17. Nc3 Nc6 18. Nd5 Bg5 19. Ndb6 Rb8 20. Rad1 Be6 21. Bd5 Bxd5 22. Rxd5 Rxd5 23. Nxd5 b5 24. Ncb6 Rxb6 25. Nxb6 Bxe3+ 26. Kg2 Bxb6 27. Rc1 Nd8 28. Rc8 Kf8 29. Rb8 Bc7 30. Rc8 Ba5 31. Ra8 Ke7 32. Rxa6 Bc7 33. Kf3 Ne6 34. Ra8 f5 35. b3 g5 36. a4 b4 37. Ke3 f4+ 38. gxf4 Bxf4+ 39. Kd3 Bxh2 40. a5 Kd7 41. a6 Kc7 42. Rh8 Bd6 43. a7 Bh2 1-0

[Event "Rapid Shavuot-A 2023"]
[Site "Ramat Gan"]
[Date "2023.05.25"]
[Round "6.12"]
[White "Dezent, Eyal"]
[Black "Mordechai, Hanan"]
[Result "1-0"]
[ECO "D02"]
[WhiteElo "1773"]
[BlackElo "2366"]
[Annotator "TA"]
[PlyCount "101"]
[EventDate "2023.05.19"]
[EventType "swiss"]
[EventCountry "ISR"]
[SourceTitle "playchess.com"]
[Source "ChessBase"]
[SourceQuality "1"]
[TimeControl "900+5"]

1. d4 Nf6 2. Bf4 d5 3. e3 c5 4. c3 Nc6 5. Nd2 e6 6. Ngf3 Bd6 {[%emt 0:00:02] 6...cxd4 is more fashionable.} 7. Bg3 O-O 8. Bd3 h6 {[%emt 0:00:28] D02: 1 d4 d5 2 Nf3 sidelines, including 2...Nf6 3 g3 and 2...Nf6 3 Bf4.} 9. Ne5 Bxe5 10. dxe5 Nd7 {[%emt 0:00:02] White is slightly better.} 11. f4 (11. Qh5 $11) 11... Qb6 {[%emt 0:00:23] [#]} (11... c4 $17 12. Be2 Qb6) 12. Qb1 $146 (12. b3 $11 {remains equal.}) ({Predecessor:} 12. Qb3 c4 13. Qxb6 axb6 14. Bc2 b5 15. e4 b4 16. exd5 exd5 17. O-O b5 18. Nf3 bxc3 19. bxc3 {1-0 Dowgird,F (2348)-Baradaran,A (1990) Titled Tuesday intern op 13th July blitz 2021 (3)}) 12... c4 $17 13. Bh7+ Kh8 {[%emt 0:00:01] Threatens to win with ...f5.} 14. Bf2 Qd8 $2 (14... f5 $17 15. e4 Qc7 16. Bxf5 exf5 17. exd5 Ncxe5 18. fxe5 Qxe5+ 19. Kf1 Qxd5) 15. Bc2 b5 16. a3 a5 17. O-O Bb7 18. Nf3 (18. e4 $14) 18... b4 $11 19. axb4 axb4 20. Rxa8 Qxa8 21. Nd4 (21. Qe1 $11) 21... b3 $15 22. Bd1 Nc5 23. Bf3 Qa2 24. Nb5 Ra8 ({Black should play} 24... Nd3 $1 $17 25. Be2 Kg8) 25. Nd6 $11 Nd8 26. Bh4 Kg8 (26... Qxb1 {simplifies} 27. Rxb1 Kg8 28. Kf2 Bc6) 27. Bh5 $1 Qxb1 28. Rxb1 {[%emt 0:00:01] Strongly threatening Bxd8.} g6 $132 {[%emt 0:00:02][%mdl 2048] Black puts up resistance. Black is weak on the dark squares} 29. Be2 Bc6 30. e4 {[%emt 0:01:07] [#]} Ndb7 $1 $17 31. exd5 exd5 32. Nxb7 Bxb7 33. Bf2 Ne4 (33... Na4 $5 34. Kf1 d4 35. Bxc4 (35. cxd4 $2 Be4 $19) 35... dxc3 36. bxc3 (36. Bxb3 $2 Be4 $19 {[%mdl 64] Deflection}) 36... b2 $15) 34. Be3 $2 (34. Bf3 $1 $15) 34... Bc8 $2 (34... Ra2 $19 35. Bd1 d4 36. cxd4 c3 37. Bxb3 Rxb2 38. Rxb2 (38. Bc2 $2 Rxc2 39. Re1 f5 $19) 38... cxb2) 35. g4 $1 $15 {[%emt 0:00:55] [#]} h5 $1 36. h3 (36. gxh5 $2 Nxc3 37. Re1 (37. bxc3 $2 Bf5 $19) 37... Nxe2+ 38. Rxe2 c3 $19) 36... Be6 37. Bf3 $1 Kg7 ({Black should try} 37... hxg4 $15 38. hxg4 Ra2) 38. Kg2 $11 Ra2 39. Bxe4 hxg4 {[%emt 0:00:38] [#]} 40. hxg4 dxe4 {[%emt 0:00:01][%mdl 4096] Endgame KRB-KRB} 41. Kg3 f6 42. Bd4 f5 43. g5 e3 44. Bxe3 $14 Kf7 45. Bc5 {[%emt 0:00:19] Ba3 would be deadly.} Bd5 $2 (45... Ra5 $1 $14) 46. Rd1 $18 Be4 47. Rd7+ Ke8 48. e6 ({Not} 48. Re7+ Kd8 49. e6 Bc6 $14) (48. Rg7 $142 {And now e6 would win.} Ra6 49. Bd6) 48... Rxb2 $2 (48... Ra6 $18) 49. Rh7 {[%emt 0:00:35][%cal Rh7h8] White mates.} ({Weaker is} 49. Re7+ Kd8 50. Rd7+ Kc8 $16) 49... Kd8 {[%emt 0:00:03] [#]} 50. e7+ $1 Kd7 51. Rh8 {[%emt 0:00:03] Weighted Error Value: White=0.24 (precise) /Black=0.49} 1-0

[Event "Rapid Shavuot-A 2023"]
[Site "Ramat Gan"]
[Date "2023.05.25"]
[Round "6.14"]
[White "Kereth, Oren"]
[Black "Sherman, Reem"]
[Result "0-1"]
[ECO "C07"]
[WhiteElo "2080"]
[BlackElo "2306"]
[Annotator "TA"]
[PlyCount "78"]
[EventDate "2023.05.19"]
[EventType "swiss"]
[EventCountry "ISR"]
[SourceTitle "playchess.com"]
[Source "ChessBase"]
[SourceQuality "1"]
[TimeControl "900+5"]

1. e4 e6 2. d4 d5 3. Nd2 c5 4. exd5 Qxd5 5. Ngf3 cxd4 6. Bc4 Qd6 7. O-O Nf6 8. Nb3 Nc6 9. Nbxd4 Nxd4 10. Nxd4 a6 11. c3 Be7 12. Re1 O-O 13. Bf1 {[%emt 0:00:34] [#] C07: French Tarrasch: 3...c5, 4 Ngf3 and 4 exd5 Qxd5.} b6 $146 ({Predecessor:} 13... Qc7 14. Qf3 Bd6 15. g3 e5 16. Nb3 Bg4 17. Qd3 h6 18. Nd2 Rad8 19. Ne4 Nxe4 20. Qxe4 {½-½ Grandadam,P (2325)-Gagare,S (2486) Wch U20 55th 2016 (10)}) 14. Qf3 Qd5 15. Qxd5 {[%emt 0:00:41] White has an edge.} (15. Nc6 {keeps more tension.} Bc5 16. Qxd5 Nxd5 17. c4) 15... Nxd5 16. g3 Bb7 17. Bg2 {[%emt 0:00:06] [#] c4 would be deadly.} Rac8 18. a4 Bf6 19. Nc2 Ba8 20. Ne3 Nxe3 (20... Nxc3 $142 21. bxc3 Bxg2 22. Nxg2 (22. Kxg2 Bxc3 23. Ba3 Rfd8 $17) 22... Bxc3) 21. Bxe3 $11 Bxg2 22. Kxg2 b5 23. axb5 axb5 24. Ra7 h5 25. Rd1 Rfd8 26. Rda1 Rb8 27. Bf4 e5 28. Be3 b4 29. c4 e4 30. Rb1 b3 31. c5 Rb4 32. c6 Rc8 33. Ra6 Be5 34. Bd2 Rb5 35. Ra4 (35. Bc3 $11) 35... Rxc6 $17 {[%emt 0:00:26] Threatens to win with ...Rc2.} 36. Rxe4 Rc2 {[%emt 0:00:03][%csl LRb2,LRd2] Inhibits Rc1. Black is more active.} 37. Bc3 (37. Bc1 $17) 37... Bxc3 $19 {[%emt 0:00:27] Black is winning.} 38. bxc3 b2 {[%emt 0:00:35][%cal Oc2c1] [#] ...Rc1! is the strong threat.} ({Inferior is} 38... Rxc3 39. Rb2 $17) 39. Rb4 Rf5 {[%emt 0:05:08] Weighted Error Value: White=0.26 (precise) /Black=0.05 (flawless)} 0-1

[Event "Rapid Shavuot-A 2023"]
[Site "Ramat Gan"]
[Date "2023.05.25"]
[Round "6.15"]
[White "Adar, Idan"]
[Black "Gamayev, Oleg"]
[Result "0-1"]
[ECO "D94"]
[WhiteElo "2085"]
[BlackElo "2174"]
[Annotator "NA RC"]
[PlyCount "68"]
[EventDate "2023.05.19"]
[EventType "swiss"]
[EventCountry "ISR"]
[SourceTitle "playchess.com"]
[Source "ChessBase"]
[SourceQuality "1"]
[TimeControl "900+5"]

1. d4 d5 2. c4 c6 3. Nc3 Nf6 4. e3 g6 5. Nf3 Bg7 6. Ne5 O-O 7. Be2 Nbd7 8. O-O e6 9. f4 Re8 10. b3 Nxe5 11. fxe5 Nd7 12. cxd5 exd5 13. e4 Nb6 14. exd5 cxd5 15. a4 Be6 16. Ba3 a6 17. Bf3 Rc8 18. Rc1 Bh6 19. Rc2 Bf5 20. a5 Bxc2 21. Qxc2 Be3+ 22. Kh1 Bxd4 23. axb6 Bxc3 24. Bg4 Rc6 25. Qf2 f5 26. exf6 Rxf6 27. Bf3 Qxb6 28. Qxb6 Rxb6 29. Bxd5+ Kh8 30. h3 h5 31. h4 Re1 32. Rxe1 Bxe1 33. Bb2+ Kh7 34. Bc1 Bxh4 0-1

[Event "Rapid Shavuot-A 2023"]
[Site "Ramat Gan"]
[Date "2023.05.25"]
[Round "6.16"]
[White "Azoulay, Yehonatan"]
[Black "Lebedinsky, Eduard"]
[Result "0-1"]
[ECO "C47"]
[WhiteElo "1813"]
[BlackElo "2122"]
[Annotator "NA RC"]
[PlyCount "136"]
[EventDate "2023.05.19"]
[EventType "swiss"]
[EventCountry "ISR"]
[SourceTitle "playchess.com"]
[Source "ChessBase"]
[SourceQuality "1"]
[TimeControl "900+5"]

1. e4 e5 2. Nf3 Nc6 3. Nc3 Nf6 4. d4 exd4 5. Nxd4 Bb4 6. Nxc6 bxc6 7. Bd3 d5 8. Bd2 Bxc3 9. Bxc3 dxe4 10. Bxf6 Qxf6 11. Bxe4 O-O 12. O-O Qxb2 13. Bxc6 Rb8 14. Rb1 Qxb1 15. Qxb1 Rxb1 16. Rxb1 Ba6 17. Rb3 Rd8 18. h3 Bc4 19. Rc3 Bxa2 20. Ra3 Bb1 21. Be4 Rd1+ 22. Kh2 g6 23. Rxa7 c5 24. Rc7 Rd2 25. Rxc5 Rxf2 26. Kg3 Rd2 27. Bd3 Ba2 28. Rc8+ Kg7 29. Rc7 Bd5 30. Bf1 Rd1 31. Be2 Rd2 32. Bf3 Bxf3 33. Kxf3 h5 34. c4 Kf6 35. c5 Rc2 36. c6 Ke6 37. Rc8 Rc3+ 38. Kf4 f6 39. Re8+ Kd6 40. Rd8+ Kc7 41. Rg8 Rc4+ 42. Kf3 g5 43. Rg6 Rf4+ 44. Ke3 h4 45. Rg8 Kxc6 46. Rd8 Kc7 47. Rd1 Ra4 48. Kf3 Kc6 49. Rd8 Rf4+ 50. Ke3 Rf5 51. Ke4 Rf2 52. Rd3 f5+ 53. Ke5 f4 54. Rd6+ Kc5 55. Rd5+ Kc4 56. Rd1 Rxg2 57. Kf5 Kc3 58. Ke4 Kc2 59. Rd8 Rg3 60. Rd5 Kc3 61. Rc5+ Kd2 62. Ra5 Ke2 63. Ra2+ Kf1 64. Kf5 f3 65. Ke4 f2 66. Rb2 Kg1 67. Rxf2 Kxf2 68. Ke5 Rxh3 0-1

[Event "Rapid Shavuot-A 2023"]
[Site "Ramat Gan"]
[Date "2023.05.25"]
[Round "6.17"]
[White "Orian, Noga"]
[Black "Michaeli, Omri"]
[Result "1-0"]
[ECO "E12"]
[WhiteElo "2131"]
[BlackElo "1874"]
[Annotator "NA RC"]
[PlyCount "67"]
[EventDate "2023.05.19"]
[EventType "swiss"]
[EventCountry "ISR"]
[SourceTitle "playchess.com"]
[Source "ChessBase"]
[SourceQuality "1"]
[TimeControl "900+5"]

1. d4 Nf6 2. c4 e6 3. Nf3 b6 4. a3 c5 5. d5 Ba6 6. Qc2 exd5 7. cxd5 d6 8. Nc3 g6 9. h4 Bg7 10. Bf4 Qe7 11. e4 Bxf1 12. Kxf1 Nbd7 13. Nb5 Ne5 14. Nxd6+ Qxd6 15. Bxe5 Qd7 16. Re1 O-O 17. Qc3 Nh5 18. Bxg7 Nxg7 19. Ne5 Qd6 20. h5 Nxh5 21. Rxh5 Rfe8 22. Nc4 Qf4 23. g3 Qc7 24. Rh4 b5 25. Nd2 a5 26. Kg2 h5 27. Reh1 Ra6 28. Rf4 Qd6 29. Qf3 Re7 30. g4 hxg4 31. Qxg4 Qe5 32. Nf3 f5 33. exf5 Qxd5 34. f6 1-0

[Event "Rapid Shavuot-A 2023"]
[Site "Ramat Gan"]
[Date "2023.05.25"]
[Round "6.18"]
[White "Bodenshtein, Yair"]
[Black "Kinberg, Ofer"]
[Result "1-0"]
[ECO "C68"]
[WhiteElo "1846"]
[BlackElo "1918"]
[Annotator "NA RC"]
[PlyCount "85"]
[EventDate "2023.05.19"]
[EventType "swiss"]
[EventCountry "ISR"]
[SourceTitle "playchess.com"]
[Source "ChessBase"]
[SourceQuality "1"]
[TimeControl "900+5"]

1. e4 e5 2. Nf3 Nc6 3. Bb5 a6 4. Bxc6 dxc6 5. O-O Bg4 6. h3 h5 7. d3 Qf6 8. Be3 Bxf3 9. Qxf3 Qxf3 10. gxf3 Bd6 11. Nd2 Ne7 12. Rfb1 f6 13. b4 g5 14. Kf1 Ng6 15. Ke2 Nf4+ 16. Bxf4 gxf4 17. c4 b5 18. c5 Be7 19. a4 Kd7 20. Nb3 Rhg8 21. axb5 axb5 22. Rxa8 Rxa8 23. Ra1 Re8 24. d4 f5 25. dxe5 Bg5 26. Rg1 Bh4 27. Rg7+ Kc8 28. Nd4 Rxe5 29. Nxc6 Re8 30. e5 Bf6 31. Rf7 Bxe5 32. Kd3 Kb7 33. Na5+ Kc8 34. Rxf5 h4 35. Nc6 Bb2 36. Rxf4 Kd7 37. Nd4 c6 38. Rf7+ Kc8 39. Nxc6 Re1 40. Na7+ Kb8 41. Nxb5 Rh1 42. c6 Be5 43. Rf8# 1-0